SAAA
PHOENIX HOTSPUR RESERVES @ ELLENBURG FIGHTING DACHSUNDS
09/02/2024
 
TOP OF THE 1ST
Phoenix Hotspur Reserves batting - Pitching for Ellenburg Fighting Dachsunds : RHP Jim Unknown
Pitching: RHP Jim Unknown
Batting: RHB David Rivas 0-0: SINGLE (Groundball, 6M)
Batting: LHB Joaquín Rangel 0-0: Ball
David Rivas steals 2nd base
1-0: Called Strike
1-1: Called Strike
1-2: Foul Ball, location: 2F
1-2: Ground out 4-3 (Groundball, 4)
David Rivas to third
Batting: RHB Shohei Kiyomizu 0-0: Called Strike
0-1: Called Strike
0-2: Strikes out looking
Batting: RHB Satoshi Terada 0-0: Ball
1-0: Foul Ball, location: 2F
1-1: SINGLE (Groundball, 56D)
David Rivas scores
Batting: RHB Al Thomas 0-0: Foul Ball, location: 2F
0-1: SINGLE (Line Drive, 4MD)
Satoshi Terada to second
Batting: RHB Júlio Mateo 0-0: Fly out, F6 (Popup, 6MD)
Top of the 1st over - 1 run(s), 3 hit(s), 0 error(s), 2 left on base; Phoenix 1 - Ellenburg 0
BOTTOM OF THE 1ST
Ellenburg Fighting Dachsunds batting - Pitching for Phoenix Hotspur Reserves : RHP Jeff Dixon
Pitching: RHP Jeff Dixon
Batting: RHB Jesús López 0-0: Called Strike
0-1: Foul Ball, location: 2F
0-2: Ball
1-2: Foul Ball, location: 2F
1-2: Ground out 5-3 (Groundball, 56)
Batting: SHB Dylan Carson 0-0: Ball
1-0: Foul Ball, location: 2F
1-1: Ball
2-1: Ball
3-1: Base on Balls
Batting: RHB Gerald Clark 0-0: Ball
1-0: Called Strike
1-1: Ball
2-1: Ball
3-1: Foul Ball, location: 2F
3-2: Ground out 5-3 (Groundball, 5S)
Dylan Carson to second
Batting: RHB Pedro Pérez 0-0: Ground out 5-3 (Groundball, 56)
Bottom of the 1st over - 0 run(s), 0 hit(s), 0 error(s), 1 left on base; Phoenix 1 - Ellenburg 0
TOP OF THE 2ND
Phoenix Hotspur Reserves batting - Pitching for Ellenburg Fighting Dachsunds : RHP Jim Unknown
Batting: LHB Clark Espinosa 0-0: Ball
1-0: Bunt missed!
1-1: Foul Ball, location: 2F
1-2: SINGLE (Line Drive, 4M)
Batting: RHB Jesús Álvarez 0-0: Ball
1-0: Fly out, F8 (Flyball, 8RM)
Batting: RHB Ben Anderson 0-0: Ball
1-0: Ball
2-0: Ball
3-0: Called Strike
3-1: Called Strike
3-2: Fly out, F4 (Line Drive, 4M)
Batting: RHB David Rivas 0-0: Ball
1-0: Called Strike
1-1: Called Strike
1-2: Ball
2-2: Strikes out swinging
Top of the 2nd over - 0 run(s), 1 hit(s), 0 error(s), 1 left on base; Phoenix 1 - Ellenburg 0
BOTTOM OF THE 2ND
Ellenburg Fighting Dachsunds batting - Pitching for Phoenix Hotspur Reserves : RHP Jeff Dixon
Batting: RHB Alfredo Martínez 0-0: Ball
1-0: SINGLE (Line Drive, 56)
Batting: RHB Will Thomas 0-0: Ball
Alfredo Martínez steals 2nd base
1-0: Ball
2-0: Called Strike
2-1: Ball
Wild Pitch!
Alfredo Martínez to third
3-1: Base on Balls
Batting: RHB Francis Kelly 0-0: Ball
1-0: Swinging Strike
1-1: Ball
2-1: Fly out, F6 (Line Drive, 6)
Batting: LHB Ramón Hernández 0-0: Called Strike
0-1: Ball
1-1: Called Strike
1-2: Strikes out swinging
Batting: RHB Charles Jordan 0-0: Foul Ball, location: 2F
0-1: Foul Ball, location: 2F
0-2: Fly out, F8 (Flyball, 8RM)
Bottom of the 2nd over - 0 run(s), 1 hit(s), 0 error(s), 2 left on base; Phoenix 1 - Ellenburg 0
TOP OF THE 3RD
Phoenix Hotspur Reserves batting - Pitching for Ellenburg Fighting Dachsunds : RHP Jim Unknown
Batting: LHB Joaquín Rangel 0-0: Ball
1-0: Foul Ball, location: 2F
1-1: Ground out 1-3 (Groundball, 15)
Batting: RHB Shohei Kiyomizu 0-0: Ball
1-0: Called Strike
1-1: Fly out, F8 (Flyball, 78D)
Batting: RHB Satoshi Terada 0-0: Ball
1-0: Called Strike
1-1: Fly out, F8 (Flyball, 8RM)
Top of the 3rd over - 0 run(s), 0 hit(s), 0 error(s), 0 left on base; Phoenix 1 - Ellenburg 0
BOTTOM OF THE 3RD
Ellenburg Fighting Dachsunds batting - Pitching for Phoenix Hotspur Reserves : RHP Jeff Dixon
Batting: RHB Jesús López 0-0: Called Strike
0-1: Swinging Strike
0-2: Foul Ball, location: 2F
0-2: Ball
1-2: Ball
2-2: Ground out 4-3 (Groundball, 4M)
Batting: SHB Dylan Carson 0-0: Ball
1-0: Ball
2-0: Called Strike
2-1: Swinging Strike
2-2: Hit by Pitch
Batting: RHB Gerald Clark 0-0: Ball
1-0: Swinging Strike
1-1: Foul Ball, location: 2F
1-2: Grounds into double play, 5-4-3 (Groundball, 56)
Bottom of the 3rd over - 0 run(s), 0 hit(s), 0 error(s), 0 left on base; Phoenix 1 - Ellenburg 0
TOP OF THE 4TH
Phoenix Hotspur Reserves batting - Pitching for Ellenburg Fighting Dachsunds : RHP Jim Unknown
Batting: RHB Al Thomas 0-0: Ball
1-0: Swinging Strike
1-1: Ball
2-1: Called Strike
2-2: Ball
3-2: Strikes out swinging
Batting: RHB Júlio Mateo 0-0: DOUBLE (Flyball, 7LM)
Batting: LHB Clark Espinosa 0-0: Called Strike
0-1: Foul Ball, location: 2F
0-2: Foul Ball, location: 2F
0-2: Foul Ball, location: 2F
0-2: Ground out 4-3 (Groundball, 4M)
Júlio Mateo to third
Batting: RHB Jesús Álvarez 0-0: Ball
1-0: Foul Ball, location: 2F
1-1: Ball
2-1: Ball
3-1: Swinging Strike
3-2: Base on Balls
Batting: RHB Ben Anderson 0-0: Ball
1-0: Called Strike
1-1: Fly out, F7 (Flyball, 78D)
Top of the 4th over - 0 run(s), 1 hit(s), 0 error(s), 2 left on base; Phoenix 1 - Ellenburg 0
BOTTOM OF THE 4TH
Ellenburg Fighting Dachsunds batting - Pitching for Phoenix Hotspur Reserves : RHP Jeff Dixon
Batting: RHB Pedro Pérez 0-0: Fly out, F8 (Flyball, 8LD)
Batting: RHB Alfredo Martínez 0-0: Ball
1-0: Called Strike
1-1: Fly out, F7 (Line Drive, 7M)
Batting: RHB Will Thomas 0-0: Foul Ball, location: 2F
0-1: Swinging Strike
0-2: Ball
1-2: Ball
2-2: Ball
3-2: Strikes out looking
Bottom of the 4th over - 0 run(s), 0 hit(s), 0 error(s), 0 left on base; Phoenix 1 - Ellenburg 0
TOP OF THE 5TH
Phoenix Hotspur Reserves batting - Pitching for Ellenburg Fighting Dachsunds : RHP Jim Unknown
Batting: RHB David Rivas 0-0: Called Strike
0-1: Foul Ball, location: 2F
0-2: Foul Ball, location: 2F
0-2: Strikes out swinging
Batting: LHB Joaquín Rangel 0-0: Ball
1-0: Foul Ball, location: 2F
1-1: Ground out 4-3 (Groundball, 4)
Batting: RHB Shohei Kiyomizu 0-0: Called Strike
0-1: Fly out, F4 (Popup, 4MD)
Top of the 5th over - 0 run(s), 0 hit(s), 0 error(s), 0 left on base; Phoenix 1 - Ellenburg 0
BOTTOM OF THE 5TH
Ellenburg Fighting Dachsunds batting - Pitching for Phoenix Hotspur Reserves : RHP Jeff Dixon
Batting: RHB Francis Kelly 0-0: Ball
1-0: Ball
2-0: DOUBLE (Line Drive, 78XD)
Batting: LHB Ramón Hernández 0-0: Ball
1-0: Swinging Strike
1-1: Bunt missed!
1-2: Ball
Passed Ball!
Francis Kelly to third
2-2: Foul Ball, location: 2F
2-2: SINGLE (Groundball, 4MD)
Francis Kelly scores
Batting: RHB Charles Jordan 0-0: Bunted foul
0-1: Bunted foul
0-2: Ball
1-2: Ball
2-2: Foul Ball, location: 2F
2-2: Foul Ball, location: 2F
2-2: Foul Ball, location: 2F
2-2: Foul Ball, location: 2F
2-2: Strikes out looking
Batting: RHB Jesús López 0-0: Fielders Choice at 2nd, 1-4 (Groundball, 25)
Batting: SHB Dylan Carson 0-0: Ball
1-0: Ball
2-0: Called Strike
2-1: Fielders Choice at 2nd, U6 (Groundball, 6M)
Bottom of the 5th over - 1 run(s), 2 hit(s), 0 error(s), 1 left on base; Phoenix 1 - Ellenburg 1
TOP OF THE 6TH
Phoenix Hotspur Reserves batting - Pitching for Ellenburg Fighting Dachsunds : RHP Jim Unknown
Batting: RHB Satoshi Terada 0-0: Called Strike
0-1: Ball
1-1: Ball
2-1: Ball
3-1: Called Strike
3-2: Base on Balls
Batting: RHB Al Thomas 0-0: Foul Ball, location: 2F
0-1: Called Strike
0-2: Reached on error, E5 (Groundball, 5S)
Satoshi Terada to second
Batting: RHB Júlio Mateo 0-0: Called Strike
0-1: Ball
1-1: Ball
2-1: Ground out 5-3 (Groundball, 5S)
Satoshi Terada to third
Al Thomas to second
Batting: LHB Clark Espinosa 0-0: Called Strike
0-1: SINGLE (Line Drive, 4M)
Satoshi Terada scores
Al Thomas to third
Batting: RHB Jesús Álvarez 0-0: Ball
1-0: Fly out, F4 (Popup, 4)
Batting: RHB Ben Anderson 0-0: Ball
1-0: Called Strike
1-1: Foul Ball, location: 2F
1-2: Foul Ball, location: 2F
1-2: Ball
2-2: Ball
3-2: Fly out, F7 (Flyball, 7M)
Top of the 6th over - 1 run(s), 1 hit(s), 1 error(s), 2 left on base; Phoenix 2 - Ellenburg 1
BOTTOM OF THE 6TH
Ellenburg Fighting Dachsunds batting - Pitching for Phoenix Hotspur Reserves : RHP Jeff Dixon
Batting: RHB Gerald Clark 0-0: Ball
1-0: Ball
2-0: Ball
3-0: Called Strike
3-1: Called Strike
3-2: Base on Balls
Batting: RHB Pedro Pérez 0-0: Called Strike
0-1: Swinging Strike
0-2: Foul Ball, location: 2F
0-2: Strikes out swinging
Batting: RHB Alfredo Martínez 0-0: Called Strike
0-1: Called Strike
0-2: Ball
1-2: Strikes out swinging
Batting: RHB Will Thomas 0-0: 2-RUN HOME RUN (Flyball, 8LXD), Distance : 419 ft
Batting: RHB Francis Kelly 0-0: Ball
1-0: Fly out, F7 (Flyball, 7S)
Bottom of the 6th over - 2 run(s), 1 hit(s), 0 error(s), 0 left on base; Phoenix 2 - Ellenburg 3
TOP OF THE 7TH
Phoenix Hotspur Reserves batting - Pitching for Ellenburg Fighting Dachsunds : RHP Jim Unknown
Batting: RHB David Rivas 0-0: Ball
1-0: Ball
2-0: Foul Ball, location: 2F
2-1: Fly out, F8 (Flyball, 8LXD)
Batting: LHB Joaquín Rangel 0-0: Ball
1-0: Called Strike
1-1: Foul Ball, location: 2F
1-2: SINGLE (Line Drive, 4M)
Batting: RHB Shohei Kiyomizu 0-0: Called Strike
0-1: Foul Ball, location: 2F
0-2: Grounds into double play, 6-4-3 (Groundball, 6M)
Top of the 7th over - 0 run(s), 1 hit(s), 0 error(s), 0 left on base; Phoenix 2 - Ellenburg 3
BOTTOM OF THE 7TH
Ellenburg Fighting Dachsunds batting - Pitching for Phoenix Hotspur Reserves : RHP Jeff Dixon
Pitching: LHP Joey Dudley
Batting: LHB Ramón Hernández 0-0: Called Strike
0-1: Ball
1-1: Foul Ball, location: 2F
1-2: Strikes out swinging
Batting: RHB Charles Jordan 0-0: Called Strike
0-1: Ground out 1-3 (Groundball, 13S)
Batting: RHB Jesús López 0-0: Foul Ball, location: 2F
0-1: Ground out 5-3 (Groundball, 5S)
Bottom of the 7th over - 0 run(s), 0 hit(s), 0 error(s), 0 left on base; Phoenix 2 - Ellenburg 3
TOP OF THE 8TH
Phoenix Hotspur Reserves batting - Pitching for Ellenburg Fighting Dachsunds : RHP Jim Unknown
Now at 3B: Tim Burnett
Batting: RHB Satoshi Terada 0-0: Called Strike
0-1: Ball
1-1: Swinging Strike
1-2: Fly out, F2 (Popup, 2LF)
Batting: RHB Al Thomas 0-0: Called Strike
0-1: Ball
1-1: Ball
2-1: Ball
3-1: Base on Balls
Batting: RHB Júlio Mateo 0-0: Ball
1-0: Ball
2-0: Ball
3-0: Base on Balls
Al Thomas to second
Pitching: RHP Jim Unknown
Pinch Hitting: LHB Albert González 0-0: Called Strike
0-1: Foul Ball, location: 2F
0-2: Ball
1-2: Fly out, F6 (Popup, 6MD)
Pinch Hitting: SHB Jesús González 0-0: Called Strike
0-1: Ball
1-1: Swinging Strike
1-2: Fly out, F6 (Popup, 13)
Top of the 8th over - 0 run(s), 0 hit(s), 0 error(s), 2 left on base; Phoenix 2 - Ellenburg 3
BOTTOM OF THE 8TH
Ellenburg Fighting Dachsunds batting - Pitching for Phoenix Hotspur Reserves : LHP Joey Dudley
Now at 2B: Raúl González
Now at SS: Harrison Blackford
Batting: SHB Dylan Carson 0-0: Foul Ball, location: 2F
0-1: Foul Ball, location: 2F
0-2: Ball
1-2: Fly out, F5 (Line Drive, 5)
Batting: RHB Gerald Clark 0-0: Foul Ball, location: 2F
0-1: Ground out 6-3 (Groundball, 6)
Batting: RHB Pedro Pérez 0-0: Swinging Strike
0-1: Ground out 2-3 (Groundball, 2L)
Bottom of the 8th over - 0 run(s), 0 hit(s), 0 error(s), 0 left on base; Phoenix 2 - Ellenburg 3
TOP OF THE 9TH
Phoenix Hotspur Reserves batting - Pitching for Ellenburg Fighting Dachsunds : RHP Jim Unknown
Now at 1B: Sherman Davis
Now in LF: Howard Kelly
Batting: RHB Ben Anderson 0-0: Swinging Strike
0-1: Ball
1-1: Ball
2-1: Ball
3-1: Base on Balls
Batting: RHB David Rivas 0-0: Sac Bunt - play at first, batter OUT! 3-4
Ben Anderson to second
Batting: LHB Joaquín Rangel 0-0: Ball
1-0: Ball
2-0: Ball
3-0: Called Strike
3-1: Called Strike
3-2: Base on Balls
Batting: RHB Shohei Kiyomizu 0-0: Called Strike
0-1: Foul Ball, location: 2F
0-2: Ball
1-2: Ball
2-2: SINGLE (Line Drive, 9S)
Ben Anderson to third
Joaquín Rangel to second
Runner from 3rd tries for Home, SAFE, throw made at trailing runner, SAFE at third!
Batting: RHB Satoshi Terada 0-0: Called Strike
0-1: Ball
1-1: Ball
2-1: Grounds into double play, 4-6-3 (Groundball, 4)
Top of the 9th over - 1 run(s), 1 hit(s), 0 error(s), 1 left on base; Phoenix 3 - Ellenburg 3
BOTTOM OF THE 9TH
Ellenburg Fighting Dachsunds batting - Pitching for Phoenix Hotspur Reserves : LHP Joey Dudley
Pitching: RHP Bob Cook
Batting: RHB Alfredo Martínez 0-0: Ground out 6-3 (Groundball, 6M)
Pinch Hitting: LHB Ismael Cabrera 0-0: Ball
1-0: Foul Ball, location: 2F
1-1: Foul Ball, location: 2F
1-2: Foul Ball, location: 2F
1-2: Strikes out swinging
Pinch Hitting: RHB Victor Haley 0-0: Ball
1-0: Foul Ball, location: 2F
1-1: Ball
2-1: Fly out, F8 (Flyball, 8RS)
Bottom of the 9th over - 0 run(s), 0 hit(s), 0 error(s), 0 left on base; Phoenix 3 - Ellenburg 3
TOP OF THE 10TH
Phoenix Hotspur Reserves batting - Pitching for Ellenburg Fighting Dachsunds : RHP Jim Unknown
Now at 1B: Ismael Cabrera
Now at SS: Victor Haley
Batting: RHB Al Thomas 0-0: Ball
1-0: Called Strike
1-1: Swinging Strike
1-2: Foul Ball, location: 2F
1-2: SINGLE (Groundball, 56D)
Batting: RHB Júlio Mateo 0-0: Grounds into double play, 6-4-3 (Groundball, 6M)
Batting: RHB Raúl González 0-0: Ball
1-0: Called Strike
1-1: SINGLE (Flyball, 78S)
Pitching: RHP Ed White
Batting: RHB Harrison Blackford 0-0: Ball
1-0: SINGLE (Line Drive, 6MD)
Raúl González to second
Batting: RHB Ben Anderson 0-0: Swinging Strike
0-1: Called Strike
0-2: Foul Ball, location: 2F
0-2: Ground out 2-3 (Groundball, 2R)
Top of the 10th over - 0 run(s), 3 hit(s), 0 error(s), 2 left on base; Phoenix 3 - Ellenburg 3
BOTTOM OF THE 10TH
Ellenburg Fighting Dachsunds batting - Pitching for Phoenix Hotspur Reserves : RHP Bob Cook
Batting: LHB Ramón Hernández 0-0: Ball
1-0: Ball
2-0: Ball
3-0: Base on Balls
Batting: RHB Charles Jordan 0-0: Sac Bunt - play at first, batter OUT! 1-4
Ramón Hernández to second
Batting: RHB Jesús López 0-0: SINGLE (Line Drive, 8RS)
Ramón Hernández to third
Batting: SHB Dylan Carson 0-0: Fly out, F7 (Flyball, 7D)
Runner from 3rd tags up, SCORES, no throw
This league is powered by Out of the Park Baseball, the baseball management simulation game for PC, Mac and Linux
Monday, October 3rd, 2016 - OOTP Baseball 16.9 Build 39